 Dungeon Crawl Stone Soup version 0.14.1 (webtiles) character file.

7466 Kae the Martial Artist (level 10, -3/71 HPs)
             Began as a Yellow Draconian Transmuter on May 1, 2014.
             Was a Follower of Sif Muna.
             Slain by a wolf (9 damage)
             ... led by Grum
             ... on Level 10 of the Dungeon.
             The game lasted 00:22:04 (13057 turns).

Kae the Martial Artist (DrTm)                      Turns: 13057, Time: 00:22:04

HP  -3/71        AC  2     Str 13      XL: 10   Next: 84%
MP  14/16        EV 20     Int 14      God: Sif Muna [*.....]
Gold 392         SH  0     Dex 23      Spells:  4 memorised,  2 levels left

rFire  . . .     SeeInvis +       - Unarmed
rCold  . . .     Clarity  .     (armour unavailable)
rNeg   . . .     Conserve .     (shield currently unavailable)
rPois  x         rCorr    .     (helmet currently unavailable)
rElec  .         rRot     .     k - melded +1 cloak {rPois}
SustAb . .       Spirit   .     f - melded +0 pair of gloves
rMut   .         Warding  .     (boots currently unavailable)
Saprov . . .     Stasis   .     (no amulet)
MR     .....                    D - +4 ring of dexterity
                                y - ring of see invisible

@: spider-form, quick, not resistant to hostile enchantments, fairly stealthy
A: (spit acid), (acid resistance), unfitting armour, AC +7
a: End Transformation, Channel Energy, Renounce Religion


You were on level 10 of the Dungeon.
You worshipped Sif Muna.
Sif Muna was aware of your devotion.
You were hungry.
You were in spider-form.
You visited 2 branches of the dungeon, and saw 11 of its levels.

You collected 392 gold pieces.

Inventory:

Missiles
 b - 12 arrows
Armour
 f - a +0 pair of gloves (melded)
 k - a +1 cloak of poison resistance (melded)
Magical devices
 q - a wand of enslavement (4)
 s - a wand of lightning (5)
 u - a wand of lightning (6)
 w - a wand of random effects (9)
 B - a wand of confusion (7) {unknown}
 F - a wand of enslavement (8)
 P - a wand of disintegration (9) {unknown}
Comestibles
 a - 6 bread rations
 g - 2 meat rations
 h - an apricot
 l - a beef jerky
 v - a snozzcumber
 K - a choko
 L - a chunk of orc flesh
Scrolls
 c - 3 scrolls of enchant weapon II {unknown}
 i - 3 scrolls of remove curse
 m - 4 scrolls of amnesia
 o - a scroll of enchant armour
 p - 2 scrolls of immolation
 A - a scroll of noise
 I - a scroll of magic mapping
 O - a scroll of blinking
Jewellery
 y - a ring of see invisible (left front leg)
 z - an uncursed ring of sustain abilities
 D - a +4 ring of dexterity (right front leg)
Potions
 e - 2 potions of invisibility
 j - a potion of might
 n - 2 potions of resistance
 r - 3 potions of curing
 t - a potion of brilliance
 x - a potion of cure mutation
 C - a potion of mutation {unknown}
 E - 2 potions of restore abilities
 G - a potion of berserk rage
 J - a potion of haste
 M - a potion of paralysis {unknown}
Books
 d - a book of Changes

   Spells                             Type                      Level
   *Beastly Appendage                 Transmutation                1
   *Sticks to Snakes                  Transmutation                2
   *Spider Form                       Transmutation/Poison         3
   Ice Form                           Ice/Transmutation            4
   *Blade Hands                       Transmutation                5
 H - a book of Annihilations {highlevel, unknown}

   This book is beyond your current level of understanding.

   Spells                             Type                      Level
   Poison Arrow                       Conjuration/Poison           6
   Chain Lightning                    Conjuration/Air              8
   Lehudib's Crystal Spear            Conjuration/Earth            8
   Glaciate                           Conjuration/Ice              9
   Fire Storm                         Conjuration/Fire             9


   Skills:
 - Level 1.1 Fighting
 - Level 1.7 Dodging
 * Level 13.6 Unarmed Combat
 - Level 2.0 Spellcasting
 + Level 9.7 Transmutations


You had 2 spell levels left.
You knew the following spells:

 Your Spells              Type           Power        Failure   Level  Hunger
a - Beastly Appendage     Trmt           ####..       3%          1    ##.....
b - Sticks to Snakes      Trmt           ####......   4%          2    ###....
c - Spider Form           Trmt/Pois      ###.......   28%         3    ####...
d - Blade Hands           Trmt           ####......   32%         5    ######.


Dungeon Overview and Level Annotations

Branches:
Dungeon (10/15)            Temple (1/1) D:6             Orc (0/4) D:9
   Lair: D:8-11

Altars:
Ashenzari
Cheibriados
Dithmenos
Elyvilon
Fedhas
Kikubaaqudgha
Makhleb
Nemelex Xobeh
Okawaru
Sif Muna
Trog
Vehumet
Xom
Yredelemnul
Zin
The Shining One

Shops:
D:4 (


Message History

Grum is moderately wounded.
Grum misses you.
You bite Grum!
Grum is heavily wounded.
Grum completely misses you.
You hit Grum but do no damage.
Grum is heavily wounded.
You hit Grum.
Grum is severely wounded.
Grum hits you with a spear!
* * * LOW HITPOINT WARNING * * *
You bite Grum!
Grum is almost dead.
You kill Grum!
You hit the wolf but do no damage.
The wolf is poisoned.
The wolf bites you!
* * * LOW HITPOINT WARNING * * *
You hit the wolf.
The wolf looks even sicker.
The wolf is lightly wounded.
The wolf bites you!
You die...

# .## ..# #.# #.#
#.# #h# #h# #s##
#..# ##%## #))#
##.# ########.###
#..........#
#..........#######
#................#


You could see 2 wolves.

Vanquished Creatures
  Erolcha (D:10)
  A manticore (D:6)
  A feature mimic (D:8)
  Prince Ribbit (D:7)
  A two-headed ogre (D:9)
  2 hungry ghosts
  2 sharks (D:9)
  A hippogriff (D:10)
  Grum (D:10)
  A wolf (D:10)
  A necrophage (D:9)
  7 phantoms
  A giant goldfish (D:9)
  6 orc warriors
  3 ogres
  4 centaurs
  A big kobold (D:4)
  3 giant frogs
  A scorpion (D:4)
  2 gnoll sergeants
  5 killer bees (D:8)
  2 electric eels (D:9)
  2 crimson imps (D:8)
  A goliath beetle (D:10)
  2 big fish (D:9)
  A quasit (D:4)
  3 jellies
  A centaur skeleton (D:9)
  6 hounds
  7 orc priests
  5 iguanas
  9 orc wizards
  6 worker ants
  A sky beast zombie (D:9)
  A killer bee zombie (D:9)
  Ijyb (D:5)
  An ogre zombie (D:5)
  A hound zombie (D:9)
  2 ogre skeletons
  A hound skeleton (D:4)
  13 gnolls
  An inept feature mimic (D:3)
  A worm zombie (D:5)
  17 adders
  4 giant mites
  3 shadow imps
  3 worms
  An orc zombie (D:8)
  An iguana skeleton (D:10)
  4 giant geckos
  2 oozes
  42 orcs
  15 goblins
  16 hobgoblins
  8 jackals (D:4)
  3 quokkas
  10 bats
  2 giant cockroaches
  6 giant newts
  8 kobolds
  A kobold zombie (D:5)
  An orc skeleton (D:6)
  15 rats
276 creatures vanquished.

Vanquished Creatures (others)
  A worm (D:5)
  A bat (D:9)
2 creatures vanquished.

Grand Total: 278 creatures vanquished

Notes
Turn   | Place    | Note
--------------------------------------------------------------
     0 | D:1      | Kae, the Draconian Transmuter, began the quest for the Orb.
     0 | D:1      | Reached XP level 1. HP: 16/16 MP: 3/3
   465 | D:1      | Reached XP level 2. HP: 17/23 MP: 4/4
  1291 | D:2      | Reached skill level 4 in Unarmed Combat
  1291 | D:2      | Reached XP level 3. HP: 28/28 MP: 6/6
  2191 | D:3      | Reached XP level 4. HP: 35/35 MP: 7/7
  2437 | D:3      | Found a glowing golden altar of the Shining One.
  2443 | D:3      | Found an ancient bone altar of Kikubaaqudgha.
  2443 | D:3      | Found a shattered altar of Ashenzari.
  2589 | D:3      | Found a snail-covered altar of Cheibriados.
  3049 | D:4      | Found Ziasul's Antique Weapon Emporium.
  3125 | D:4      | Noticed a phantom
  3150 | D:4      | Reached skill level 5 in Unarmed Combat
  3150 | D:4      | Reached XP level 5. HP: 24/40 MP: 9/9
  3556 | D:4      | Noticed a big kobold
  3586 | D:4      | Killed a big kobold
  3931 | D:4      | Noticed an ogre
  3957 | D:3      | Learned a level 2 spell: Sticks to Snakes
  3961 | D:3      | Learned a level 3 spell: Spider Form
  3986 | D:4      | Killed an ogre
  3986 | D:4      | Reached skill level 6 in Unarmed Combat
  3986 | D:4      | Reached XP level 6. HP: 47/47 MP: 6/10
  4190 | D:4      | Found an iron altar of Okawaru.
  4343 | D:4      | Killed a phantom
  4428 | D:5      | Entered Level 5 of the Dungeon
  4618 | D:4      | Your scales start taking on a golden yellow colour.
  4618 | D:4      | Reached XP level 7. HP: 19/52 MP: 12/12
  4840 | D:5      | Reached skill level 7 in Unarmed Combat
  5057 | D:5      | Reached skill level 5 in Transmutations
  5166 | D:5      | Found a burning altar of Makhleb.
  5166 | D:5      | Found a radiant altar of Vehumet.
  5166 | D:5      | Found a blossoming altar of Fedhas.
  5445 | D:5      | Reached skill level 8 in Unarmed Combat
  5692 | D:5      | Noticed Ijyb
  5707 | D:5      | Killed Ijyb
  5749 | D:5      | Reached XP level 8. HP: 47/59 MP: 11/13
  6126 | D:6      | Noticed a manticore
  6139 | D:6      | HP: 1/59 [barbs]
  6152 | D:6      | Killed a manticore
  6152 | D:6      | Reached skill level 9 in Unarmed Combat
  6793 | D:6      | Found a staircase to the Ecumenical Temple.
  6871 | Temple   | Entered the Ecumenical Temple
  6971 | Temple   | Became a worshipper of Sif Muna the Loreminder
  7159 | D:6      | Reached skill level 10 in Unarmed Combat
  7561 | D:7      | Noticed Prince Ribbit
  7573 | D:7      | Killed Prince Ribbit
  7573 | D:7      | Reached XP level 9. HP: 52/64 MP: 11/14
  8666 | D:8      | Reached skill level 11 in Unarmed Combat
  8674 | D:8      | Learned a level 5 spell: Blade Hands
  8691 | D:8      | Killed a door mimic
  9057 | D:8      | Found a glowing silver altar of Zin.
  9253 | D:8      | Acquired Sif Muna's first power
 10148 | D:9      | Reached skill level 12 in Unarmed Combat
 10215 | D:9      | Reached XP level 10. HP: 28/71 MP: 10/16
 10954 | D:9      | HP: 2/71 [orc priest/nerve-wracking pain (4)]
 12269 | D:9      | Found a staircase to the Orcish Mines.
 12301 | D:9      | Reached skill level 13 in Unarmed Combat
 12695 | D:10     | Entered Level 10 of the Dungeon
 12918 | D:10     | Noticed Erolcha
 12936 | D:10     | Killed Erolcha
 13039 | D:10     | Noticed Grum
 13055 | D:10     | Killed Grum
 13057 | D:10     | Slain by a wolf

Action                   |  1- 3 |  4- 6 |  7- 9 | 10-12 || total
-------------------------+-------+-------+-------+-------++-------
Melee: Unarmed           |   112 |   254 |   493 |   279 ||  1138
 Cast: Beastly Appendage |     6 |    10 |    31 |     9 ||    56
       Spider Form       |       |     1 |     8 |     6 ||    15
       Blade Hands       |       |       |     1 |       ||     1
 Abil: Spit Acid         |       |       |     1 |     1 ||     2
Evoke: Wand              |       |       |     3 |       ||     3
  Use: Scroll            |     1 |     1 |    12 |     5 ||    19
       Potion            |       |       |     6 |     1 ||     7
 Stab: Sleeping          |     1 |     1 |       |     1 ||     3
       Distracted        |       |       |       |     1 ||     1
